 Seeded DCSS version 0.29-a0-876-gfc89b1a5bd (webtiles) character file.

Game seed: 8897551386731462229 (custom seed)

2 wilfster70 the Covered (level 1, -2/14 HPs)
             Began as a Gargoyle Fighter on July 19, 2022.
             Killed from afar by a dart slug (4 damage)
             ... with a slug dart
             ... on level 1 of the Dungeon.
             The game lasted 00:00:32 (157 turns).

wilfster70 the Covered (Gargoyle Fighter)            Turns: 157, Time: 00:00:33

Health: -2/14      AC: 13    Str: 19    XL:     1   Next: 30%
Magic:  1/1        EV:  5    Int:  8    God:
Gold:   8          SH:  4    Dex:  9    Spells: 0/0 levels left

rFire   . . .      SeeInvis .   a - +0 war axe
rCold   . . .      Faith    .   c - +0 buckler
rNeg    + . .      Spirit   .   f - +0 plate armour
rPois   ∞          Reflect  .   (no helmet)
rElec   +          Harm     .   (no cloak)
rCorr   .          Rampage  .   (no gloves)
Will    .....                   (no boots)
Stlth   ..........              (no amulet)
HPRegen 0.04/turn               (no ring)
MPRegen 0.07/turn               (no ring)

@: no status effects
A: sickness immunity, AC +2, negative energy resistance 1, electricity
resistance, torment resistance 1, petrification resistance
a: no special abilities


You were on level 1 of the Dungeon.
You visited 1 branch of the dungeon, and saw 1 of its levels.

You collected 8 gold pieces.

Inventory:

Hand Weapons
 a - a +0 war axe (weapon)
Armour
 b - a +0 scale mail
 c - a +0 buckler (worn)
 f - a +0 plate armour (worn)
Potions
 d - a potion of might
 e - a potion of curing {unknown}


   Skills:
 + Level 3.3 Fighting
 + Level 1.8 Axes
 + Level 0.1(1.0) Polearms
 + Level 3.3 Armour
 - Level 3.2 Shields


You couldn't memorise any spells.
You didn't know any spells.
Your spell library was empty.

Dungeon Overview and Level Annotations

Branches:
Dungeon (1/15)

Altars:


Innate Abilities, Weirdness & Mutations

You are immune to sickness and miasma.
Your stone body is resilient. (AC +2)
You are immune to poison.
You resist negative energy. (rN+)
You are resistant to electric shocks. (rElec)
You are resistant to unholy torment.
You are immune to petrification.


Message History

You see here a +0 plate armour.
f - a +0 plate armour You start removing your armour.
You continue taking off your +0 scale mail. x4
You finish taking off your +0 scale mail.
You start putting on your armour.
You continue putting on your +0 plate armour. x5
You finish putting on your +0 plate armour.
You now have 8 gold pieces.
Found 4 stones.
You see here 4 stones.
A dart slug, an endoplasm and a hobgoblin come into view.
The endoplasm quivers.
The hobgoblin shouts!
You hit the endoplasm.
The endoplasm is almost dead.
The endoplasm freezes you.
You are frozen.
The endoplasm freezes you.
You are frozen.
You are too injured to fight recklessly!
You are too injured to fight recklessly!
You are too injured to fight recklessly!
You are too injured to fight recklessly!
You barely miss the endoplasm.
The endoplasm is almost dead.
The endoplasm freezes you.
You are frozen.
* * * LOW HITPOINT WARNING * * *
You hit the endoplasm.
You kill the endoplasm!
You hit the hobgoblin.
The hobgoblin hits you but does no damage.
The hobgoblin barely misses you.
You slash the dart slug!
The dart slug is almost dead.
You closely miss the hobgoblin. You block the hobgoblin's attack.
The dart slug launches a dart at you. The slug dart hits you.
You die...

#.## #.# ....P.P #.#
....P.. #######.#######
....P.P #......>.......
....P..
##.##############....PPP
.#.########## #........
.#..........# #wg......
.##########†####@.......
.# #........#######
.########.#...........#
..........#...........#
###########...........#
..(...................#
#######################


You could see a dart slug and a hobgoblin.

Vanquished Creatures
  An endoplasm (D:1)
  A frilled lizard (D:1)
2 creatures vanquished.

Notes
Turn   | Place    | Note
-------+----------+-------------------------------------------
     0 | D:1      | wilfster70 the Gargoyle Fighter began the quest for the
                  | Orb.
     0 | D:1      | Reached XP level 1. HP: 14/14 MP: 1/1
   157 | D:1      | Killed from afar by a dart slug

Illustrated notes

Levels and vault maps discovered:
D:1:      lemuel_arrival_behind_the_door_large, layout_basic, minivault_24,
          dreamdust_wishing_well, moated_statue, minmay_hedge_maze

Action                   || total
-------------------------++-------
Melee: War axe           ||     6
Armor: Plate armour      ||     1
Dodge: Dodged            ||     2
Block: Buckler           ||     2

Table legend: (Time is in decaauts)
 A = Elapsed time spent in this place.
 B = Non-inter-level travel time spent in this place.
 C = Inter-level travel time spent in this place.
 D = Time resting spent in this place.
 E = Time spent auto-exploring this place.
 F = Levels seen in this place.
 G = Mean time per level.
                   A        B        C        D        E       F      G
               +--------+--------+--------+--------+--------+-----+--------+
         Total |    159 |    159 |      0 |     45 |     17 |   1 |  159.0 |
       Dungeon |    159 |    159 |      0 |     45 |     17 |   1 |  159.0 |
               +--------+--------+--------+--------+--------+-----+--------+

Top non-repeatable levels by time:
     D:1: 159 daAuts
